 Dungeon Crawl Stone Soup version 0.17.0-27-g4a3f43e (webtiles) character file.

52 Arkorax the Ducker (level 3, 0/30 HPs)
             Began as a Spriggan Berserker on Nov 21, 2015.
             Was a Believer of Trog.
             Succumbed to an adder's poison
             ... on level 2 of the Dungeon.
             The game lasted 00:01:33 (1254 turns).

Arkorax the Ducker (Spriggan Berserker)             Turns: 1254, Time: 00:01:33

Health: 0/30       AC:  2    Str: 19    XL:     3   Next: 60%
Magic:  4/4        EV: 20    Int:  8    God:    Trog [**....]
Gold:   55         SH:  0    Dex: 15    Spells: 0 memorised, 2 levels left

rFire  . . .     SeeInvis +     a - +0 short sword
rCold  . . .     Clarity  .     b - +0 animal skin
rNeg   . . .     SustAt   .     (shield restricted)
rPois  .         Gourm    .     (helmet restricted)
rElec  .         Spirit   .     (no cloak)
rCorr  .         Warding  .     (gloves unavailable)
rMut   .         Stasis   .     (boots unavailable)
MR     .....                    (no amulet)
Stlth  ..........               (no ring)
                                (no ring)

@: berserking, lethally poisoned (0 -> -11), very quick, not resistant to
hostile enchantments, extremely unstealthy
A: unfitting armour, see invisible, herbivore 3, speed 3, slow metabolism 2
a: Berserk, Trog's Hand, Burn Spellbooks, Renounce Religion


You were on level 2 of the Dungeon.
You worshipped Trog.
Trog was pleased with you.
You were not hungry.

You visited 1 branch of the dungeon, and saw 2 of its levels.

You collected 55 gold pieces.

Inventory:

Hand Weapons
 a - a +0 short sword (weapon)
Armour
 b - a +0 animal skin (worn)
Jewellery
 g - an uncursed ring of wizardry {unknown}
Scrolls
 d - a scroll of noise {unknown}
 e - a scroll of enchant weapon {unknown}
 i - 3 scrolls of identify {unknown}
 j - a scroll of fog {unknown}
Potions
 f - a potion of might {unknown}
 h - a potion of agility {unknown}
 k - a potion of degeneration {unknown}
 l - a potion of ambrosia {unknown}
Comestibles
 c - a bread ration


   Skills:
 + Level 3.0 Fighting
 + Level 3.9 Short Blades
 + Level 5.2 Dodging


You had 2 spell levels left.
You didn't know any spells.

Dungeon Overview and Level Annotations

Branches:
Dungeon (2/15)

Altars:
Qazlal


Innate Abilities, Weirdness & Mutations

You are tiny and cannot use many weapons and most armour.
You have supernaturally acute eyesight.
You are a herbivore.
You cover ground extremely quickly.
You need consume almost no food.


Message History

You hit the adder but do no damage.
The adder is almost dead.
The adder barely misses you. The adder bites you.
* * * LOW HITPOINT WARNING * * *
You are more poisoned.
The adder poisons you!
A red film seems to cover your vision as you go berserk!
You feel yourself moving faster!
You feel mighty!
You feel somewhat more hungry.
* * * LOW HITPOINT WARNING * * *
You feel sick. The adder bites you but does no damage.
You barely miss the adder.
The adder is almost dead.
* * * LOW HITPOINT WARNING * * *
You feel sick. The adder misses you.
You hit the adder.
You kill the adder!
Trog accepts your kill.
Your Fighting skill increases to level 3!
You die...

...# ..## ...# #.## ..
..# #..####.... ..#
#.......... ..#
#...###.### #.# #.#.###.#
#.# #.#..##.# #.#
#.##.##.# #@# ..##..#.#
#.# ## ##.#.# #.#
#####.#.# ###+##.######
#.....#.#........%....#
........#.......?.....#
.....#..#.............###
.....#..#...............#
..)..#.g#.............#.#


There were no monsters in sight!

Vanquished Creatures
  Robin (D:2)
  An adder (D:2)
  3 bats (D:1)
  11 goblins
  3 hobgoblins (D:1)
  4 jackals (D:2)
  3 kobolds (D:1)
  3 giant newts (D:1)
  2 rats
31 creatures vanquished.

Notes
Turn   | Place    | Note
--------------------------------------------------------------
     0 | D:1      | Arkorax the Spriggan Berserker began the quest for the Orb.
     0 | D:1      | Reached XP level 1. HP: 11/11 MP: 2/2
   475 | D:1      | Reached XP level 2. HP: 14/16 MP: 3/3
   957 | D:2      | Noticed Robin
   960 | D:2      | Killed Robin
   960 | D:2      | Reached ** piety under Trog
   960 | D:2      | Reached skill level 5 in Dodging
   960 | D:2      | Reached XP level 3. HP: 19/19 MP: 4/4
  1133 | D:2      | Found a stormy altar of Qazlal.
  1253 | D:2      | HP: 1/28 [poisoned by an adder]
  1254 | D:2      | Succumbed to an adder's poison

Action                   || total
-------------------------++-------
Melee: Short sword       ||   109
Invok: Berserk           ||     2
 Stab: Sleeping          ||     1
